 Dungeon Crawl Stone Soup version 0.30-a0-920-g7493c07aab (webtiles) character file.

Game seed: 17503387317552200567

1152 Darkkill the Shooter (level 8, 0/64 (70) HPs)
             Began as a Minotaur Hunter on Mar 21, 2023.
             Was an Initiate of Gozag.
             Slain by a wight
             ... wielding a +0 long sword
              (1 damage)
             ... on level 7 of the Dungeon.
             The game lasted 00:11:31 (4433 turns).

Darkkill the Shooter (Minotaur Hunter)              Turns: 4433, Time: 00:11:32

HP:   0/64 (70)     AC:  7    Str: 13    XL:     8   Next: 16%
MP:   7/7           EV: 14    Int:  9    God:    Gozag
Gold: 202           SH:  0    Dex: 18    Spells: 7/7 levels left

rFire   + . .      SeeInvis .    a - +1 shortbow
rCold   . . .      Faith    .    (shield currently unavailable)
rNeg    . . .      Spirit   .    c - +0 leather armour
rPois   .          Reflect  .    (helmet restricted)
rElec   .          Rampage  .    m - scarf "Cyhorap" {harm, rF+ Will+ Str-3 Int+3 Dex+2}
rCorr   .          Harm     + .  (no gloves)
Will    +....                    (no boots)
Stlth   +++                      (no amulet)
HPRegen 0.30/turn                p - +4 ring of protection
MPRegen 0.10/turn                (no ring)

@: about to teleport, drained
A: horns 2, retaliatory headbutt
a: Renounce Religion, Potion Petition, Call Merchant, Bribe Branch


You were on level 7 of the Dungeon.
You worshipped Gozag.
Gozag was aware of your devotion.
You visited 2 branches of the dungeon, and saw 7 of its levels.

You collected 340 gold pieces.
You paid 138 gold pieces to Gozag.

Inventory:

Hand Weapons
 a - a +1 shortbow (weapon)
 b - the +4 spear "Bocokid" {heavy, Drain rPois Str+7 Int+3}
   (You found it on level 2 of the Dungeon)

   Str:       It affects your strength (+7).
   Int:       It affects your intelligence (+3).
   rPois:     It protects you from poison.
   Drain:     It drains your maximum health when unequipped.
Missiles
 g - 58 stones
 l - 11 poisoned darts
Armour
 c - a +0 leather armour (worn)
 m - the scarf "Cyhorap" (worn) {harm, rF+ Will+ Str-3 Int+3 Dex+2}
   (You found it on level 2 of the Dungeon)

   Str:       It affects your strength (-3).
   Int:       It affects your intelligence (+3).
   Dex:       It affects your dexterity (+2).
   rF:        It protects you from fire.
   Will:      It increases your willpower.
Jewellery
 o - an amulet of magic regeneration
 p - a +4 ring of protection (left hand)
Wands
 h - a wand of polymorph (5)
Scrolls
 d - 3 scrolls of teleportation
 j - 2 scrolls of magic mapping
 k - 3 scrolls of immolation
 r - a scroll of identify {@r1}
 w - a scroll of fear
Potions
 e - 3 potions of ambrosia
 f - a potion of flight
 i - a potion of heal wounds {unknown}
 n - 3 potions of curing {@q1}
 q - a potion of mutation {unknown}
 t - 3 potions of brilliance
 u - a potion of lignification {unknown}
 v - a potion of invisibility {unknown}


   Skills:
 + Level 6.2 Fighting
 + Level 6.8 Ranged Weapons
 + Level 5.6 Dodging
 + Level 4.3 Stealth


You had 7 spell levels left.
You didn't know any spells.
Your spell library contained the following spells:

 Spells                   Type           Power      Damage    Failure   Level
 Lesser Beckoning         Tloc           0%         N/A       61%         2
 Gell's Gravitas          Tloc           0%         N/A       83%         3
 Ozocubu's Armour         Ice            0%         N/A       83%         3
 Summon Guardian Golem    Hex/Summ       0%         N/A       83%         3
 Teleport Other           Tloc           0%         N/A       83%         3
 Metabolic Englaciation   Hex/Ice        0%         N/A       100%        5
 Orb of Destruction       Conj           0%         9d5       100%        7
 Spellforged Servitor     Conj/Summ      0%         N/A       100%        7
 Simulacrum               Ice/Necr       Unusable   N/A       N/A         6

Dungeon Overview and Level Annotations

Branches:
Dungeon (5/15)             Temple (1/1) D:4

Altars:
Ashenzari
Dithmenos
Elyvilon
Fedhas
Gozag
Makhleb
Nemelex Xobeh
Okawaru
Qazlal
Ru
Sif Muna
Trog
Uskayaw
Vehumet
Wu Jian
Xom
Zin
The Shining One

Shops:
D:1 ?   D:5 *[(

Annotations:
D:3 1 runed translucent door, Crazy Yiuf


Innate Abilities, Weirdness & Mutations

You have a pair of horns on your head.
You reflexively headbutt those who attack you in melee.


Message History

You headbutt the water moccasin!
You kill the water moccasin!
Your Fighting skill increases to level 6!
A water moccasin comes into view.
You shoot an arrow.
The arrow closely misses the water moccasin.
The water moccasin hisses angrily.
A water moccasin is nearby!
You shoot an arrow.
The arrow barely misses the water moccasin.
A water moccasin is nearby!
You shoot an arrow. The arrow hits the water moccasin!
The water moccasin is heavily wounded.
A water moccasin is nearby!
You shoot an arrow. The arrow hits the water moccasin.
The water moccasin is severely wounded.
The water moccasin closely misses you.
You shoot an arrow. The arrow misses the water moccasin.
The water moccasin barely misses you.
A water moccasin is nearby!
You shoot an arrow. The arrow hits the water moccasin!
You kill the water moccasin!
You have reached level 8!
You feel stronger.
No target in view!
Things that are here:
a water moccasin corpse; a water moccasin corpse You now have 340 gold pieces (gained 6).
A sourceless malevolence fills the Dungeon...
You fall into a shaft and drop 2 floors!
The shaft crumbles and collapses.
A bullfrog comes into view.
A bullfrog is nearby!
You shoot an arrow. The arrow hits the bullfrog.
The bullfrog gives a loud, deep croak!
The bullfrog is moderately wounded.
You shoot an arrow. The arrow closely misses the bullfrog.
You shoot an arrow. The arrow hits the bullfrog.
The bullfrog is severely wounded.
You shoot an arrow. The arrow hits the bullfrog.
The bullfrog is severely wounded.
The bullfrog hits you.
You shoot an arrow. The arrow hits the bullfrog!
You kill the bullfrog!
No target in view!
Found 11 gold pieces.
A wight comes into view.
It is wielding a +3 halberd. 2 wights come into view.
Found an opulent altar of Gozag. 2 wights come into view.
Found a gnarled jewelled staff.
The wight closely misses you.
Found a scroll of immolation.
The wight attacks as you move away! The wight misses you.
There is an opulent altar of Gozag here.
You kneel at the altar of Gozag.
Gozag welcomes you!
You pay a service fee of 138 gold.
As you read the scroll of teleportation, it crumbles to dust.
You feel strangely unstable. The wight barely misses you. x2
Found 14 gold pieces.
The wight barely misses you.
Your surroundings suddenly seem different. 2 wights come into view.
A wight is wielding a +1 scimitar of freezing.
A wight is wielding a +0 scimitar and wearing a +2 robe of willpower.
Found four items.
Found a stone staircase leading up.
A wight comes into view.
It is wielding a +0 long sword. 2 wights come into view.
A wight is wielding a +3 flail of freezing.
Found a potion of ambrosia.
The wight hits you with a +0 scimitar! The wight hits you with a +0 scimitar.
You shoot an arrow. The arrow hits the wight.
The wight is heavily damaged.
The wight closely misses you. You furiously retaliate!
You headbutt the wight. The wight barely misses you.
The wight closely misses you. You furiously retaliate!
You headbutt the wight. The wight hits you but does no damage.
The wight barely misses you. x2
The wight completely misses you. The wight hits you with a +0 scimitar!
You feel drained. The wight barely misses you. You furiously retaliate!
You headbutt the wight.
Found a wand of polymorph (12).
The wight barely misses you. The wight misses you.
The wight hits you with a +1 scimitar of freezing!
The wight freezes you.
The wight hits you with a +0 long sword.
You feel drained.
You can't see any enemies this would affect, really read the scroll of fear?
Okay, then.
As you read the scroll of teleportation, it crumbles to dust.
You feel strangely unstable.
The wight hits you but does no damage. x2
The wight hits you with a +3 flail of freezing.
The wight freezes you.
The wight hits you with a +1 scimitar of freezing!
* * * LOW HITPOINT WARNING * * *
The wight freezes you.
* * * LOW HITPOINT WARNING * * *
The wight hits you with a +0 long sword!
* * * LOW HITPOINT WARNING * * *
You feel drained.
You die...
Your body crumbles into a pile of gold.

....... ./....
.^..... .......
........#....
.......
###....^....!..
.....##
......#.......
..#.. .
#............
#.#....
##...<........
##.....z.......
#.....z@.......
##.##zzz.......
##.........
##.........
##.......?..
#...........
#....$...........
...=.......#.....
)......###.#.....


You could see 5 wights.

Vanquished Creatures
  2 water moccasins (D:5)
  2 ogres (D:5)
  A black bear (D:3)
  A phantom (D:4)
  Blork the orc (D:5)
  A scorpion (D:4)
  A bullfrog (D:7)
  2 vampire bats (D:4)
  A hound (D:5)
  An orc priest (D:3)
  A sleepcap (D:5)
  Jessica (D:2)
  2 iguanas
  3 gnolls (D:4)
  5 adders
  A white imp (D:5)
  3 worms (D:2)
  4 dart slugs
  6 orcs
  5 ball pythons
  8 bats
  A bat skeleton (D:5)
  A bat zombie (D:5)
  6 endoplasms
  6 giant cockroaches
  4 goblins
  7 hobgoblins
  3 jackals (D:3)
  A quokka (D:4)
  5 frilled lizards
  5 kobolds
  4 rats
95 creatures vanquished.

Notes
Turn   | Place    | Note
-------+----------+-------------------------------------------
     0 | D:1      | Darkkill the Minotaur Hunter began the quest for the Orb.
     0 | D:1      | Reached XP level 1. HP: 18/18 MP: 0/0
   122 | D:1      | Reached skill level 1 in Stealth
   171 | D:1      | Reached XP level 2. HP: 25/25 MP: 1/1
   362 | D:1      | Found Ekaits's Magic Scroll Boutique.
   663 | D:1      | Reached XP level 3. HP: 30/30 MP: 2/2
   812 | D:2      | Noticed Jessica
   814 | D:2      | Killed Jessica
   964 | D:2      | Found a faded altar of an unknown god.
  1058 | D:2      | Reached XP level 4. HP: 38/38 MP: 3/3
  1264 | D:2      | Identified the +4 spear "Bocokid" {heavy, Drain rPois Str+7
                  | Int+3}
  1284 | D:2      | Identified the scarf "Cyhorap" {harm, rF+ Will+ Str-3 Int+3
                  | Dex+2}
  1312 | D:2      | Reached skill level 5 in Ranged Weapons
  1769 | D:3      | Noticed a black bear
  1778 | D:3      | Killed a black bear
  1779 | D:3      | Reached XP level 5. HP: 44/46 MP: 4/4
  1816 | D:3      | Found a runed translucent door.
  1817 | D:3      | Noticed Crazy Yiuf
  2154 | D:3      | Reached XP level 6. HP: 28/52 MP: 5/5
  2937 | D:4      | Found a staircase to the Ecumenical Temple.
  3080 | Temple   | Entered the Ecumenical Temple
  3271 | D:4      | Found a hide-covered altar of Uskayaw.
  3362 | D:4      | Found a white marble altar of Elyvilon.
  3617 | D:4      | Reached skill level 5 in Fighting
  3622 | D:4      | Reached XP level 7. HP: 61/61 MP: 6/6
  3774 | D:5      | Entered Level 5 of the Dungeon
  3774 | D:5      | Noticed Blork the orc
  3774 | D:5      | Found Suuqonk's General Store.
  3780 | D:5      | Killed Blork the orc
  3781 | D:5      | Found Edytir's Antique Armour Boutique.
  3954 | D:5      | Reached skill level 5 in Dodging
  4033 | D:5      | Found Inotoag's Weapon Shoppe.
  4325 | D:5      | Reached XP level 8. HP: 54/70 MP: 7/7
  4397 | D:5      | You fall into a shaft and drop 2 floors!
  4415 | D:7      | Found an opulent altar of Gozag.
  4421 | D:7      | Became a worshipper of Gozag Ym Sagoz the Greedy
  4433 | D:7      | HP: 12/66 [wight/+1 scimitar of freezing (8)]
  4433 | D:7      | HP: 1/66 [wight/+0 long sword (9)]
  4433 | D:7      | Slain by a wight

Illustrated notes

Levels and vault maps discovered:
D:1:      sevenhm_arrival_forest_fort_small_6, layout_basic, serial_shops,
          nicolae_shop_advertising_works [nicolae_subvault_shop_adworks]
D:2:      layout_loops_ring, basic_ecumenical_altar, minmay_fractal_squares_5,
          uniq_jessica
D:3:      layout_basic, amethyst_killhole, uniq_crazy_yiuf_cottage
D:4:      layout_loops_ring, mainiacjoe_overflow_24_doors,
          mainiacjoe_overflow_catwalk, minmay_temple_entry_gardened_gates,
          roderic_batcave, hangedman_abyss_or_decor_stagger
D:5:      layout_basic, kennysheep_vampire_church, serial_shops, shop_fountains,
          nicolae_shop_bloodbath_and_beyond, shop, uniq_eustachio,
          uniq_blork_the_orc
D:7:      layout_cave_pools, nicolae_gozag_cash_rules_everything_around_me,
          minmay_holes, grunt_decor_junction, moated_statue,
          kennysheep_minor_cross, uniq_duvessa
Temple:   nicolae_temple_no_exploring_needed

Skill      XL: |  1  2  3  4  5  6  7 |
---------------+----------------------+-----
Stealth        | 1 2 3 4 |  4.3
Fighting       | 3 4 5 6 |  6.2
Dodging        | 3 4 5 |  5.6
Ranged Weapons | 5 6 |  6.8

Action                     |  1- 3 |  4- 6 |  7- 9 || total
---------------------------+-------+-------+-------++-------
   Fire: Shortbow          |    80 |   162 |    72 ||   314
    Use: Scroll            |     4 |     3 |     6 ||    13
 Armour: Leather armour    |     2 |    22 |    21 ||    45
  Dodge: Dodged            |     9 |    89 |    55 ||   153

Table legend: (Time is in decaauts)
 A = Elapsed time spent in this place.
 B = Non-inter-level travel time spent in this place.
 C = Inter-level travel time spent in this place.
 D = Time resting spent in this place.
 E = Time spent auto-exploring this place.
 F = Levels seen in this place.
 G = Mean time per level.
                   A        B        C        D        E       F      G
               +--------+--------+--------+--------+--------+-----+--------+
         Total |   4516 |   4330 |    186 |    198 |   3506 |   7 |  645.1 |
       Dungeon |   4417 |   4231 |    186 |    100 |   3506 |   6 |  736.2 |
        Temple |     99 |     99 |      0 |     98 |      0 |   1 |   99.0 |
               +--------+--------+--------+--------+--------+-----+--------+

Top non-repeatable levels by time:
     D:3: 1204 daAuts
     D:2: 924 daAuts
     D:4: 860 daAuts
     D:1: 753 daAuts
     D:5: 637 daAuts
  Temple: 99 daAuts
     D:7: 36 daAuts

Table legend:
 A = Kills in this place as a percentage of kills in the entire game.
 B = Kills by you in this place as a percentage of kills by you in the entire game.
 C = Kills by friends in this place as a percentage of kills by friends in the entire game.
 D = Other kills in this place as a percentage of other kills in the entire game.
 E = Experience gained in this place as a percentage of experience gained in the entire game.
 F = Experience gained in this place divided by the number of levels of this place that you have seen.
                   A       B       C       D       E      F
               +-------+-------+-------+-------+-------+----------------------
         Total | 100.0 | 100.0 |   N/A |   N/A | 100.0 | 235.3
       Dungeon | 100.0 | 100.0 |   N/A |   N/A | 100.0 | 274.5
               +-------+-------+-------+-------+-------+----------------------
